[Event "Marienbad B2-IM 2024"]
[Site "Marianske Lazne"]
[Date "2024.01.18"]
[Round "7.19"]
[White "Balinski, Damian"]
[Black "Lima, Darcy"]
[Result "0-1"]
[ECO "D71"]
[WhiteElo "2226"]
[BlackElo "2370"]
[Annotator "TA"]
[PlyCount "138"]
[EventDate "2024.01.10"]
[EventType "tourn"]
[EventCountry "CZE"]
[SourceTitle "playchess.com"]
[Source "ChessBase"]
[SourceQuality "1"]
[TimeControl "40/5400+30:1800+30"]

1. d4 Nf6 2. c4 g6 3. g3 c5 4. dxc5 Bg7 5. Nc3 Na6 6. Rb1 {[%emt 0:05:42] E60: King's Indian: Unusual lines and Fianchetto Variation without Nc3.} Nxc5 7. Bg2 d6 {[%emt 0:12:03] [#]} 8. b4 $146 {[%emt 0:06:36] The position is equal.} ({Predecessor:} 8. e4 Be6 9. b3 Qd7 10. Bb2 O-O 11. Qe2 a6 12. Nf3 b5 13. Nd2 Bg4 14. Qe3 {0-1 Martin,D (2005)-Dyachuk,A (2320) Walsrode Chessemy op-A 2023 (5)}) 8... Ne6 9. Nf3 O-O 10. O-O Bd7 11. Qb3 Bc6 12. Rd1 a5 13. a3 (13. b5 $11 {remains equal.} Be4 14. Nxe4 Nxe4 15. Bb2) 13... axb4 (13... Ne4 $1 $17 14. Nd5 axb4 15. Qxb4 N6c5) 14. Qxb4 (14. axb4 $15 Ne4 15. Nxe4 Bxe4 16. Rb2) 14... Ne4 $36 {[%emt 0:08:36][%mdl 2048] Keeping White busy.} 15. Nd5 Ra4 16. Qb6 Nc3 (16... Rxc4 17. Qxd8 Rxd8 18. Nxe7+ Kf8 19. Nxc6 bxc6 20. Nd2 Nxd2 21. Bxd2 $11) 17. Qxd8 Rxd8 18. Nxc3 Bxc3 19. Nd2 Bxd2 20. Rxd2 Rxc4 21. Bd5 Rc5 22. Bxe6 fxe6 23. Bb2 e5 24. Rc1 Rb5 25. f3 Ra8 26. Rc4 Rb3 27. Kf2 Ra4 28. Rxa4 Bxa4 {[%emt 0:00:02][%mdl 4096] Endgame KRB-KRB} 29. h4 Kf7 30. Bc1 Rb1 31. Bb2 Ke6 32. Bc3 Rb3 33. Bb4 Bc6 34. Rd3 Rb2 35. Rd2 Rb1 36. Rd3 Bb5 37. Rd2 Bc4 38. Rc2 b5 39. e4 Rb3 40. Rd2 d5 41. Rd1 ({Not} 41. exd5+ $2 Bxd5 42. f4 Rf3+ 43. Kg2 Rxf4+ 44. Kh2 Rf1 $19) 41... h5 42. Kg2 ({Avoid the trap} 42. exd5+ $2 Bxd5 43. f4 Rf3+ 44. Ke2 e4 $19) 42... d4 {[%emt 0:02:53] Hoping for ...Be2.} 43. Kf2 {[%emt 0:01:26] Against Be2} Rb2+ 44. Rd2 Rb1 45. Kg2 Bf1+ 46. Kh2 d3 47. Bc5 Kd7 48. Bb4 Be2 49. Kg2 Rf1 50. Rb2 Kc6 (50... Bxf3+ $2 51. Kxf1 Bxe4 52. Kf2 $18) 51. Rd2 e6 (51... Bxf3+ $2 52. Kxf1 Bxe4 53. Kf2 $18) 52. Rb2 Kd7 (52... Bxf3+ $2 53. Kxf1 Bxe4 54. Kf2 $18) 53. Rd2 Rc1 (53... Bxf3+ $2 54. Kxf1 Bxe4 55. Rd1 $18) 54. Kf2 Ke8 55. Kg2 Rc7 56. Bd6 Rc2 57. Bb4 Rc7 {[%emt 0:00:06] Black is more active.} 58. Bd6 $1 Rf7 59. f4 exf4 60. gxf4 {[%emt 0:01:11] [#]} Kd7 $1 61. Be5 Kc6 62. Kf2 Ra7 63. Bb2 Kc5 {[%emt 0:01:56] ...Ra4 would be deadly.} 64. Ke3 $2 {[%emt 0:00:06] [#] Loses the game.} (64. Bc1 $17 Rf7 65. Rb2) 64... Kc4 $1 $19 65. Bc1 $2 (65. Kf2 {is more resistant.}) 65... b4 {Black is clearly winning.} 66. axb4 Ra1 ({And not} 66... Kxb4 67. Rb2+ Kc5 68. Rb1 $11) 67. Bb2 Rf1 68. e5 Kd5 69. Rxd3+ Bxd3 {[%emt 0:00:07] Weighted Error Value: White=0.08 (flawless) /Black=0.06 (flawless)} 0-1

[Event "Marienbad B2-IM 2024"]
[Site "Marianske Lazne"]
[Date "2024.01.18"]
[Round "7.20"]
[White "Pisk, Petr"]
[Black "Ivanov, Mike"]
[Result "0-1"]
[ECO "A43"]
[WhiteElo "2295"]
[BlackElo "2356"]
[Annotator "TA"]
[PlyCount "112"]
[EventDate "2024.01.10"]
[EventType "tourn"]
[EventCountry "CZE"]
[SourceTitle "playchess.com"]
[Source "ChessBase"]
[SourceQuality "1"]
[TimeControl "40/5400+30:1800+30"]

1. d4 c5 2. c3 e6 3. Nf3 Nc6 4. g3 Nf6 5. Bg2 b6 6. Ne5 {[%emt 0:04:41] A46: 1 d4 Nf6 2 Nf3 e6: Torre, London and Colle Systems.} Bb7 7. Nxc6 Bxc6 8. Bxc6 {[%emt 0:06:34] The position is equal.} dxc6 {[%emt 0:00:02] [#]} 9. dxc5 $146 ({Predecessor:} 9. Bg5 Qd5 10. O-O Qxg5 11. Qa4 Qd5 12. c4 Qd7 13. dxc5 Bxc5 14. Rd1 Qc7 15. Nc3 {0-1 Muckle,R (1957)-Lopez Rojas,J (2190) Rheinland Pfalz op 9th 2017 (2)}) 9... Qxd1+ (9... bxc5 10. Qxd8+ Rxd8 11. Nd2 $14) 10. Kxd1 Ng4 (10... bxc5 11. Kc2 $14) 11. Ke1 Bxc5 12. e3 (12. f3 $5 Ne5 13. Nd2 $11) 12... h5 13. h3 Ne5 14. Ke2 {[%emt 0:00:33] White is weak on the light squares} O-O-O 15. Nd2 Rd7 16. Nb3 Be7 17. e4 c5 18. f4 (18. Bf4 Nd3 19. Rab1 h4 $17) 18... Nd3 19. Rb1 f5 {[%emt 0:05:25] Black is much more active. The white rooks are badly placed.} 20. Be3 h4 21. g4 fxe4 22. Nd2 Rf8 23. Rhf1 Bd6 24. f5 $1 exf5 25. Rxf5 Re8 26. a4 Bg3 27. Nc4 Kb7 28. Rbf1 Ne5 29. Nxe5 Rxe5 30. Rxe5 Bxe5 $11 {[%emt 0:00:02][%mdl 4096] Endgame KRB-KRB} 31. Rf8 Kc6 32. Rh8 Bg3 33. Bg5 Kd5 34. Bxh4 (34. Kd2 $11 {remains equal.}) 34... Bf4 ({Black should play} 34... Bxh4 $17 35. Rxh4 Kc4) 35. b3 Kc6 36. Be1 {[%emt 0:00:30] Inhibits Rd2+.} Rd3 37. Re8 Re3+ 38. Kd1 Rxh3 (38... g5 $15) 39. Rxe4 g5 40. Re6+ Kd5 41. Re7 a5 42. Rb7 Kc6 43. Rg7 Rh2 {[%emt 0:05:36] aiming for ...Rb2.} 44. Rg6+ Kb7 {[%emt 0:02:59] Black wants to play ...Rb2.} 45. b4 Ra2 $1 46. Rg7+ Kc6 47. Rg6+ (47. bxa5 $142 bxa5 48. c4) 47... Kd5 $17 {[%emt 0:00:24] Strongly threatening ...Ke4.} 48. Rxb6 {[%emt 0:00:26] [#]} Ke4 (48... Rxa4 $6 49. Rb5 axb4 50. cxb4 $11) ({Black should try} 48... c4 $1 $17 {...Ke4 would be deadly.} 49. Ra6 (49. bxa5 $2 Ke4 $19) 49... Ke4 50. Rxa5 (50. bxa5 Kd3) 50... Kf3) 49. Rb7 $2 {[%emt 0:01:05][%mdl 8192] White does not recover from this.} (49. bxa5 $2 {perishes.} Kd3 50. Rb1 c4 $19) (49. bxc5 $11 Kd3 50. Rb1) 49... Kf3 $19 {[%emt 0:03:00] Hoping for ...Ra1+.} (49... Rxa4 50. Kc2 $15) 50. Re7 c4 ({And not} 50... Kxg4 51. bxc5 Kf3 52. c6 $17) (50... Rxa4 51. Kc2 $17) 51. bxa5 Rxa4 {[%emt 0:00:15] Black mates.} ({Worse is} 51... Kxg4 52. a6 Rxa4 53. a7 $11) 52. Kc2 Rxa5 53. Kb2 Rb5+ 54. Kc2 Re5 55. Rxe5 Bxe5 56. Kb2 Ke2 {[%emt 0:00:42] Weighted Error Value: White=0.41/Black=0.12 (very precise)} 0-1

[Event "Marienbad B2-IM 2024"]
[Site "Marianske Lazne"]
[Date "2024.01.19"]
[Round "8.16"]
[White "Wang, Yukun"]
[Black "Ivanov, Mike"]
[Result "1-0"]
[ECO "C14"]
[WhiteElo "2117"]
[BlackElo "2356"]
[Annotator "RC"]
[PlyCount "95"]
[EventDate "2024.01.10"]
[EventType "tourn"]
[EventCountry "CZE"]
[SourceTitle "playchess.com"]
[Source "ChessBase"]
[SourceQuality "1"]
[TimeControl "40/5400+30:1800+30"]

1. e4 e6 2. d4 d5 3. Nc3 Nf6 4. Bg5 Be7 5. e5 Nfd7 6. Bxe7 Qxe7 7. Nb5 Nb6 8. c3 O-O 9. f4 Bd7 10. Nf3 Bxb5 11. Bxb5 c5 12. Bd3 f6 13. dxc5 N6d7 14. b4 Nc6 15. O-O fxe5 16. fxe5 g6 17. Qe2 a5 18. a3 Qg7 19. Bb5 Ncxe5 20. Nd4 Rfe8 21. Rae1 Rac8 22. Qd2 Qe7 23. Bxd7 Nc4 24. Bxe6+ Qxe6 25. Rxe6 Nxd2 26. Rxe8+ Rxe8 27. Rd1 Nc4 28. Nb5 Re5 29. Nd6 Nxd6 30. cxd6 Kf7 31. c4 Ke6 32. c5 axb4 33. axb4 Kd7 34. Rf1 d4 35. Rf7+ Kc8 36. Rc7+ Kb8 37. Rxh7 Rd5 38. Kf1 b6 39. Rc7 d3 40. Ke1 Rd4 41. Kd2 Rd5 42. h4 Rd4 43. g4 Rd5 44. g5 bxc5 45. bxc5 Rd4 46. h5 gxh5 47. g6 Re4 48. g7 1-0

[Event "Marienbad B2-IM 2024"]
[Site "Marianske Lazne"]
[Date "2024.01.19"]
[Round "8.17"]
[White "Lima, Darcy"]
[Black "Pisk, Petr"]
[Result "1/2-1/2"]
[ECO "A11"]
[WhiteElo "2370"]
[BlackElo "2295"]
[Annotator "RC"]
[PlyCount "49"]
[EventDate "2024.01.10"]
[EventType "tourn"]
[EventCountry "CZE"]
[SourceTitle "playchess.com"]
[Source "ChessBase"]
[SourceQuality "1"]
[TimeControl "40/5400+30:1800+30"]

1. c4 c6 2. Nf3 Nf6 3. g3 d5 4. Bg2 Bg4 5. Ne5 Bf5 6. cxd5 cxd5 7. Qa4+ Nc6 8. Nxc6 Qd7 9. Nc3 bxc6 10. d3 e6 11. O-O h6 12. e4 Bh7 13. e5 Ng8 14. d4 Ne7 15. b3 Nc8 16. Ba3 Nb6 17. Qa5 Bxa3 18. Qxa3 Qe7 19. Qa5 O-O 20. Rac1 f6 21. Nd1 fxe5 22. dxe5 Rac8 23. Qd2 c5 24. Ne3 Rfd8 25. Rfd1 1/2-1/2

[Event "Marienbad B2-IM 2024"]
[Site "Marianske Lazne"]
[Date "2024.01.19"]
[Round "8.18"]
[White "Kejna, Piotr"]
[Black "Balinski, Damian"]
[Result "1/2-1/2"]
[ECO "C47"]
[WhiteElo "2269"]
[BlackElo "2226"]
[Annotator "RC"]
[PlyCount "33"]
[EventDate "2024.01.10"]
[EventType "tourn"]
[EventCountry "CZE"]
[SourceTitle "playchess.com"]
[Source "ChessBase"]
[SourceQuality "1"]
[TimeControl "40/5400+30:1800+30"]

1. e4 e5 2. Nf3 Nf6 3. Nc3 Nc6 4. d4 exd4 5. Nxd4 Bb4 6. Nxc6 bxc6 7. Bd3 O-O 8. O-O d5 9. exd5 Bg4 10. f3 Bh5 11. dxc6 Qd4+ 12. Kh1 Bxc3 13. bxc3 Qxc3 14. Rb1 Bg6 15. Bb2 Qxc6 16. Bxf6 Qxf6 17. Bxg6 1/2-1/2

[Event "Marienbad B2-IM 2024"]
[Site "Marianske Lazne"]
[Date "2024.01.19"]
[Round "8.19"]
[White "Lim, Zhuo Ren"]
[Black "Pavlis, Matej"]
[Result "1-0"]
[ECO "D34"]
[WhiteElo "2218"]
[BlackElo "2088"]
[Annotator "RC"]
[PlyCount "37"]
[EventDate "2024.01.10"]
[EventType "tourn"]
[EventCountry "CZE"]
[SourceTitle "playchess.com"]
[Source "ChessBase"]
[SourceQuality "1"]
[TimeControl "40/5400+30:1800+30"]

1. Nf3 Nf6 2. c4 e6 3. g3 d5 4. Bg2 c5 5. cxd5 exd5 6. d4 Nc6 7. O-O Be7 8. Nc3 O-O 9. Bg5 cxd4 10. Nxd4 h6 11. Be3 Re8 12. Rc1 Bg4 13. h3 Be6 14. Qa4 Na5 15. Nxe6 fxe6 16. Bd4 a6 17. Rfd1 Nc4 18. Nxd5 exd5 19. Bxf6 1-0

[Event "Marienbad B2-IM 2024"]
[Site "Marianske Lazne"]
[Date "2024.01.19"]
[Round "8.20"]
[White "Plischki, Sebastian"]
[Black "Luberanski, Jakub"]
[Result "1/2-1/2"]
[ECO "A14"]
[WhiteElo "2345"]
[BlackElo "2278"]
[Annotator "RC"]
[PlyCount "54"]
[EventDate "2024.01.10"]
[EventType "tourn"]
[EventCountry "CZE"]
[SourceTitle "playchess.com"]
[Source "ChessBase"]
[SourceQuality "1"]
[TimeControl "40/5400+30:1800+30"]

1. Nf3 Nf6 2. c4 e6 3. g3 d5 4. Bg2 Be7 5. O-O O-O 6. d4 dxc4 7. Qc2 a6 8. a4 Bd7 9. Qxc4 Bc6 10. Bg5 Bd5 11. Qc2 Be4 12. Qc1 h6 13. Bxf6 Bxf6 14. Nbd2 Bxf3 15. Nxf3 a5 16. Qc3 Nc6 17. Rfd1 Nb4 18. e3 c6 19. h4 Rc8 20. Qc4 Qb6 21. Rac1 Rfd8 22. Qe2 c5 23. dxc5 Rxd1+ 24. Qxd1 Rxc5 25. Rxc5 Qxc5 26. b3 Nd5 27. Bf1 Nc3 1/2-1/2

[Event "Marienbad B2-IM 2024"]
[Site "Marianske Lazne"]
[Date "2024.01.20"]
[Round "9.16"]
[White "Luberanski, Jakub"]
[Black "Wang, Yukun"]
[Result "1/2-1/2"]
[ECO "A04"]
[WhiteElo "2278"]
[BlackElo "2117"]
[Annotator "ChessBase"]
[PlyCount "41"]
[EventDate "2024.01.10"]
[EventType "tourn"]
[EventCountry "CZE"]
[SourceTitle "playchess.com"]
[Source "ChessBase"]
[SourceQuality "1"]
[TimeControl "40/5400+30:1800+30"]

1. Nf3 c5 2. e3 Nf6 3. b3 e6 4. Bb2 b6 5. Be2 Bb7 6. O-O Be7 7. d4 d5 8. c4 O-O 9. cxd5 Nxd5 10. Nbd2 cxd4 11. Nxd4 Nc6 12. Nxc6 Bxc6 13. Rc1 Bb7 14. Nc4 Rc8 15. a3 Bf6 16. Qd2 Nf4 17. exf4 Qxd2 18. Nxd2 Bxb2 19. Rxc8 Rxc8 20. Nc4 Bf6 21. Nd6 1/2-1/2

[Event "Marienbad B2-IM 2024"]
[Site "Marianske Lazne"]
[Date "2024.01.20"]
[Round "9.17"]
[White "Pavlis, Matej"]
[Black "Plischki, Sebastian"]
[Result "1/2-1/2"]
[ECO "A48"]
[WhiteElo "2088"]
[BlackElo "2345"]
[Annotator "ChessBase"]
[PlyCount "45"]
[EventDate "2024.01.10"]
[EventType "tourn"]
[EventCountry "CZE"]
[SourceTitle "playchess.com"]
[Source "ChessBase"]
[SourceQuality "1"]
[TimeControl "40/5400+30:1800+30"]

1. Nf3 Nf6 2. d4 g6 3. c4 Bg7 4. Nc3 O-O 5. e4 d6 6. g3 c5 7. Bg2 cxd4 8. Nxd4 Nc6 9. Nde2 a6 10. O-O Rb8 11. a4 Bd7 12. Bf4 Qa5 13. h3 Rfc8 14. Rc1 Nd8 15. b3 Ne6 16. Bd2 Qd8 17. Be3 b5 18. axb5 axb5 19. e5 dxe5 20. Ba7 Ra8 21. Bxa8 Rxa8 22. Be3 bxc4 23. bxc4 1/2-1/2

[Event "Marienbad B2-IM 2024"]
[Site "Marianske Lazne"]
[Date "2024.01.20"]
[Round "9.18"]
[White "Balinski, Damian"]
[Black "Lim, Zhuo Ren"]
[Result "0-1"]
[ECO "E61"]
[WhiteElo "2226"]
[BlackElo "2218"]
[Annotator "RC"]
[PlyCount "140"]
[EventDate "2024.01.10"]
[EventType "tourn"]
[EventCountry "CZE"]
[SourceTitle "playchess.com"]
[Source "ChessBase"]
[SourceQuality "1"]
[TimeControl "40/5400+30:1800+30"]

1. d4 Nf6 2. c4 g6 3. Nc3 Bg7 4. g3 O-O 5. Bg2 d6 6. e3 e5 7. Nge2 Re8 8. O-O e4 9. h3 h5 10. Nf4 c6 11. f3 exf3 12. Qxf3 Na6 13. Bd2 Qe7 14. Rae1 Nc7 15. e4 Nh7 16. Qf2 Bd7 17. Kh2 Rad8 18. b4 Bc8 19. Be3 Ne6 20. Rd1 Nxf4 21. gxf4 f5 22. Rfe1 fxe4 23. Nxe4 d5 24. cxd5 cxd5 25. Nc5 Bf5 26. Bc1 Qf7 27. Nd3 Rxe1 28. Qxe1 Bxd3 29. Rxd3 Re8 30. Qf1 Qf5 31. Re3 Rxe3 32. Bxe3 Nf6 33. Qb5 Bh6 34. Qxb7 Bxf4+ 35. Bxf4 Qxf4+ 36. Kh1 Qxd4 37. Qe7 h4 38. a4 g5 39. Qe6+ Kg7 40. Qf5 Qe3 41. b5 d4 42. Bf1 Ne4 43. Qe5+ Kf8 44. Qf5+ Ke7 45. Qe5+ Kd7 46. Qd5+ Nd6 47. a5 Qe4+ 48. Qxe4 Nxe4 49. Kg2 Kc7 50. Bd3 Nc5 51. Bf5 Nb7 52. Kf3 Nxa5 53. Kg4 Nc4 54. Kxg5 Nb2 55. Kxh4 d3 56. Kg5 d2 57. Bg4 Kd8 58. Kf6 d1=Q 59. Bxd1 Nxd1 60. Kf7 Nc3 61. h4 Nxb5 62. h5 Kd7 63. h6 Nd6+ 64. Kf6 Ke8 65. h7 Nf7 66. Kf5 Kf8 67. Ke6 Kg7 68. Kd5 Nd8 69. Kc5 a5 70. Kb5 Nb7 0-1

[Event "Marienbad B2-IM 2024"]
[Site "Marianske Lazne"]
[Date "2024.01.20"]
[Round "9.19"]
[White "Pisk, Petr"]
[Black "Kejna, Piotr"]
[Result "1/2-1/2"]
[ECO "B08"]
[WhiteElo "2295"]
[BlackElo "2269"]
[Annotator "ChessBase"]
[PlyCount "30"]
[EventDate "2024.01.10"]
[EventType "tourn"]
[EventCountry "CZE"]
[SourceTitle "playchess.com"]
[Source "ChessBase"]
[SourceQuality "1"]
[TimeControl "40/5400+30:1800+30"]

1. Nf3 g6 2. d4 Bg7 3. e4 d6 4. h3 Nf6 5. Nc3 O-O 6. Be2 a6 7. a4 b6 8. O-O Bb7 9. e5 dxe5 10. Nxe5 Nbd7 11. Bf3 Bxf3 12. Nxf3 c5 13. Be3 Qc7 14. Re1 Rfd8 15. Qe2 e6 1/2-1/2